 Dungeon Crawl Stone Soup version 0.27-a0-1191-g601b473118 (webtiles) character file.

Game seed: 10959193598792752973

84 agentchuck the Changer (level 4, 0/38 HPs)
             Began as a Naga Transmuter on May 24, 2021.
             Succumbed to miscasting Spider Form's poison
             ... on level 1 of the Dungeon.
             The game lasted 00:05:36 (1245 turns).

agentchuck the Changer (Naga Transmuter)            Turns: 1245, Time: 00:05:36

Health: 0/38       AC:  2    Str: 19    XL:     4   Next: 45%
Magic:  0/7        EV: 19    Int: 13    God:
Gold:   27         SH:  0    Dex: 17    Spells: 3/7 levels left

rFire    . . .     SeeInvis +     - Unarmed
rCold    . . .     Faith    .   (shield currently unavailable)
rNeg     . . .     Spirit   .   (armour currently unavailable)
rPois    x         Reflect  .   (helmet currently unavailable)
rElec    .         Harm     .   (cloak currently unavailable)
rCorr    .         Rampage  .   (gloves currently unavailable)
Will     .....                  (no barding)
Stlth    ++........             (no amulet)
HPRegen  0.12/turn              S - +6 ring of strength
MPRegen  0.10/turn              (no ring)

@: lethally poisoned (0 -> -4), short of breath, spider-form (expiring), very
slightly contaminated
A: venomous fangs, AC +1, tiny, see invisible, (deformed body), (poison
resistance), (slowness 2), spit poison 1, (naga tail 1)
a: Spit Poison, End Transformation


You were on level 1 of the Dungeon.
You were a venomous arachnid creature.
You visited 1 branch of the dungeon, and saw 2 of its levels.

You collected 27 gold pieces.


Innate Abilities, Weirdness & Mutations

You are a venomous arachnid creature.
You have poisonous fangs.
You are tiny and dextrous.
Your spellcasting is less reliable in this form.
Your armour is entirely melded.
You are incapable of wielding weapons or throwing items.
((Your serpentine skin is tough. (AC +1)))
You have supernaturally acute eyesight. (SInv)
((Armour fits poorly on your strangely shaped body.))
((Your system is resistant to poisons. (rPois)))
((You cover ground very slowly.))
You can spit poison.
((You have a snake-like lower body.))


   Skills:
 - Level 1.0 Fighting
 - Level 1.5 Dodging
 - Level 3.0 Unarmed Combat
 - Level 2.0 Spellcasting
 - Level 3.7 Transmutations
 + Level 3.0 Poison Magic


You had 3 spell levels left.
You knew the following spells:

 Your Spells              Type           Power      Damage    Failure   Level
e - Beastly Appendage     Tmut           22%        N/A       16%         1
i - Spider Form           Tmut/Pois      5%         N/A       38%         3

Your spell library contained the following spells:

 Spells                   Type           Power      Damage    Failure   Level
 Wereblood                Tmut           11%        N/A       22%         2
 Ice Form                 Ice/Tmut       6%         N/A       89%         4
 Hydra Form               Tmut           5%         N/A       94%         5

Inventory:

Hand Weapons
 e - a +2 flail of draining
Missiles
 f - 18 stones
 i - a throwing net {=f}
Armour
 a - a +0 robe (melded)
 b - a +0 helmet (melded)
Jewellery
 S - a +6 ring of strength (left front leg)
Scrolls
 d - a scroll of noise {unknown}
 g - a scroll of identify {unknown}
Potions
 c - a potion of lignification {!q}
 h - a potion of degeneration {unknown}

Dungeon Overview and Level Annotations

Branches:
Dungeon (2/15)

Altars:

Shops:
D:1

? #############
##...........#####
#>......÷.........
#))...........####
####.........>...####
#...g##..............
###.##s##.########....#
###...##.##.# ####.#
#...#.##.##.# # #.#
#.♣#♣.♣#♣##.# #.#..
#.........#.# #.###
##♣#♣.♣#♣...# #....
#.##..### ####.#†.
#.....# #.....P..
####.########....PP..


You could see a gnoll.


Message History

* * * LOW HITPOINT WARNING * * *
Your Poison Magic skill increases to level 3!
Use which ability? (? or * to list)
Press: ? - help, Shift-Dir - straight line, f - gnoll
Aim: a gnoll, wielding a +0 club The splash of poison hits the gnoll.
The gnoll is heavily wounded.
The gnoll barely misses you.
Casting: Spider Form (quite dangerous; 19% risk of failure)
Confirm with . or Enter, or press ? or * to list all spells.
The spell is quite dangerous to cast (19% risk of failure)!
Continue anyway?
You miscast Spider Form.
You are very lightly contaminated with residual magic.
You feel odd.
You are poisoned.
You resist.
* * * LOW HITPOINT WARNING * * *
You feel sick. The gnoll hits you with a +0 club.
* * * LOW HITPOINT WARNING * * *
Casting: Spider Form (quite dangerous; 19% risk of failure)
Confirm with . or Enter, or press ? or * to list all spells.
The spell is quite dangerous to cast (19% risk of failure)!
Continue anyway?
You turn into a venomous arachnid creature.
Your +0 helmet melds into your body.
Your +0 robe melds into your body.
Your transformation is almost over.
You feel sick. The gnoll hits you with a +0 club!
* * * LOW HITPOINT WARNING * * *
You completely miss the gnoll.
The gnoll is heavily wounded.
You die...

Skill      XL: |  1  2  3  4 |
---------------+-------------+-----
Transmutations | 3 |  3.7
Poison Magic   | 2 3 |  3.0
Fighting       | |  1.0
Dodging        | |  1.5
Unarmed Combat | |  3.0
Spellcasting   | |  2.0

Action                   |  1- 3 |  4- 6 || total
-------------------------+-------+-------++-------
Melee: Unarmed           |    55 |     7 ||    62
       Headbutt          |     9 |       ||     9
       Flail             |    16 |       ||    16
       Punch             |     1 |       ||     1
 Cast: Beastly Appendage |    10 |     1 ||    11
       Spider Form       |     1 |     2 ||     3
 Abil: Spit Poison       |    18 |     2 ||    20
  Use: Potion            |     1 |       ||     1
Armor: Skin              |    33 |       ||    33
       Robe              |    10 |       ||    10
Dodge: Dodged            |    47 |    21 ||    68

Levels and vault maps discovered:
D:1:      dpeg_arrival_rooms_c, layout_basic, serial_shops, shop,
          shapermc_ecumenical_altar_venn, serial_forest,
          infiniplex_forest_clump_curved, infiniplex_forest_clump_tiny,
          infiniplex_forest_clump_small, infiniplex_forest_straight_2,
          infiniplex_forest_lined_corner, infiniplex_forest_lined_2
D:2:      layout_loops_ring, st_stairs_8, kennysheep_nub

Notes
Turn   | Place    | Note
-------+----------+-------------------------------------------
     0 | D:1      | agentchuck the Naga Transmuter began the quest for the Orb.
     0 | D:1      | Reached XP level 1. HP: 18/18 MP: 3/3
   144 | D:1      | Found Ewubb's Magic Scroll Shoppe.
   185 | D:1      | Reached XP level 2. HP: 22/25 MP: 5/5
   275 | D:2      | Reached skill level 3 in Transmutations
   338 | D:2      | HP: 3/37 [poisoned by an adder]
   344 | D:2      | Reached XP level 3. HP: 3/31 MP: 6/6
   666 | D:2      | Learned a level 3 spell: Spider Form
   941 | D:2      | Reached skill level 1 in Poison Magic
  1161 | D:2      | Reached skill level 2 in Poison Magic
  1161 | D:2      | Reached XP level 4. HP: 38/38 MP: 3/7
  1241 | D:1      | Reached skill level 3 in Poison Magic
  1244 | D:1      | HP: 1/38 [gnoll/+0 club (8)]
  1245 | D:1      | Succumbed to miscasting Spider Form's poison

Vanquished Creatures
  3 gnolls
  3 adders (D:2)
  A dart slug (D:2)
  2 ball pythons
  2 bats
  4 endoplasms
  A giant cockroach (D:1)
  3 hobgoblins
  A quokka (D:1)
  A frilled lizard (D:1)
  2 goblins (D:2)
  4 rats
27 creatures vanquished.

Table legend: (Time is in decaauts)
 A = Elapsed time spent in this place.
 B = Non-inter-level travel time spent in this place.
 C = Inter-level travel time spent in this place.
 D = Time resting spent in this place.
 E = Time spent auto-exploring this place.
 F = Levels seen in this place.
 G = Mean time per level.
                   A        B        C        D        E       F      G
               +--------+--------+--------+--------+--------+-----+--------+
         Total |   1360 |   1360 |      0 |    782 |      0 |   2 |  680.0 |
       Dungeon |   1360 |   1360 |      0 |    782 |      0 |   2 |  680.0 |
               +--------+--------+--------+--------+--------+-----+--------+

Top non-repeatable levels by time:
     D:2: 991 daAuts
     D:1: 368 daAuts

Table legend:
 A = Non-vault XP
 B = Vault XP
 C = Vault XP percentage of total XP
 D = Non-vault monster count
 E = Vault monster count
 F = Vault count percentage of total count
                 A         B        C        D         E       F
            +---------+---------+-------+---------+---------+-------
      Total |      93 |      27 |  22.5 |      25 |       2 |   7.4
            +---------+---------+-------+---------+---------+-------
        D:1 |      47 |       0 |   0.0 |      13 |       0 |   0.0
        D:2 |      46 |      27 |  37.0 |      12 |       2 |  14.3
            +---------+---------+-------+---------+---------+-------
